 Dungeon Sprint DCSS version 0.17-a0-1753-g75d4604 (webtiles) character file.

13064 KambridgeKobold the Unseen (level 11, -30/62 (64) HPs)
             Began as a Spriggan Assassin on Sept 2, 2015.
             Was the Champion of Jiyva.
             Killed from afar by a fire giant (36 damage)
             ... with a bolt of fire
             ... in the Dungeon (Sprint I: "Red Sonja").
             The game lasted 00:36:09 (2021 turns).

KambridgeKobold the Unseen (Spriggan Assassin)      Turns: 2021, Time: 00:36:09

HP:   -30/62 (64)   AC:  8    Str: 12    XL:     11   Next: 70%
MP:   12/12         EV: 38    Int: 12    God:    Jiyva [******]
Gold: 35            SH:  0    Dex: 24    Spells: 0 memorised, 10 levels left

rFire  . . .     SeeInvis +     a - +4 dagger
rCold  + + .     Clarity  +     c - +0 robe
rNeg   + . .     SustAt   .     (shield restricted)
rPois  .         Gourm    .     (helmet restricted)
rElec  +         Spirit   .     d - +1 cloak
rCorr  +         Warding  +     (gloves unavailable)
rMut   .         NoTele   +     (boots unavailable)
MR     +....                    r - amulet of warding
Stlth  +++++++++.               v - +2 ring of dexterity
                                s - ring of stealth

@: very quick, somewhat resistant to hostile enchantments, incredibly stealthy
A: unfitting armour, talons 1, rough black scales 1, see invisible, agile 1,
clarity, clever 1, cold resistance 2, herbivore 3, speed 3, sense surroundings
1, electricity resistance, slow metabolism 2, spit poison 2, strong 1, acidic
bite, jelly absorbing missiles
a: Spit Poison, Request Jelly, Jelly Paralyse, Slimify, Cure Bad Mutation,
Renounce Religion


You were in the Dungeon.
You worshipped Jiyva.
Jiyva was exalted by your worship.
You were completely stuffed.

You visited 1 branch You collected 986 gold pieces.
You spent 951 gold pieces at shops.

Inventory:

Hand weapons
 a - a +4 dagger (weapon)
 b - a +0 blowgun
 f - a +0 short sword of venom
 o - a +1 morningstar of holy wrath
Missiles
 e - 6 poisoned needles
 q - a curare-tipped needle
Armour
 c - a +0 robe (worn)
 d - a +1 cloak (worn)
 t - the +6 swamp dragon armour "Xiguwuc" {*Confuse +Blink rPois rC+}
   (You found it in the Dungeon)

   It protects you from cold.
   It protects you from poison.
   It lets you blink.
   It may confuse you when you take damage.
Jewellery
 r - an amulet of warding (around neck)
 s - a ring of stealth (left hand)
 v - a +2 ring of dexterity (right hand)
Scrolls
 g - 4 scrolls of remove curse
 m - a scroll of blinking
 n - a scroll of fog
 w - 2 scrolls of identify
Potions
 h - 3 potions of curing
 i - 3 potions of heal wounds
 j - a potion of haste
 k - 2 potions of magic
 l - a potion of berserk rage
 p - 2 potions of might
 u - a potion of resistance


   Skills:
 - Level 10.4 Fighting
 - Level 15.0 Short Blades
 - Level 8.2 Maces & Flails
 - Level 8.4 Throwing
 + Level 18.5 Dodging
 + Level 20.2 Stealth


You had 10 spell levels left.
You didn't know any spells.

Dungeon Overview and Level Annotations

Branches:
Dungeon (1/1)

Altars:
Cheibriados
Dithmenos
Elyvilon
Fedhas
Gozag
Kikubaaqudgha
Makhleb
Nemelex Xobeh
Okawaru
Qazlal
Ru
Sif Muna
Trog
Vehumet
Xom
Yredelemnul
Zin
The Shining One
Jiyva

Shops:
D =%*?!::[*!(*%=(?(!:[!


Innate Abilities, Weirdness & Mutations

You are tiny and cannot use many weapons and most armour.
You have supernaturally acute eyesight.
You are a herbivore.
You cover ground extremely quickly.
You need consume almost no food.
You have sharp toenails.
You are partially covered in rough black scales (AC +4, Dex -1).
You are agile. (Dex +2)
You possess an exceptional clarity of mind.
Your mind is acute. (Int +2)
Your flesh is very cold resistant.
You passively map a small area around you.
You are resistant to electric shocks.
You can spit poison.
Your muscles are strong. (Str +2)
You have acidic saliva.
You have a small jelly attached to you that may absorb incoming projectiles.


Message History

Your azure jelly hits the fire giant.
Your azure jelly freezes the fire giant!!!
Your azure jelly hits the fire giant but does no damage.
Your azure jelly barely misses the fire giant.
Something hits your azure jelly!!! Something burns your azure jelly!
Your azure jelly dies!
What do you say? t - Shout!
Orders for allies: a - Attack new target. r - Retreat! s - Stop attacking. w - Wait here. f - Follow me.
Anything else - Stay silent.
Gang up on whom?
Press: ? - help, Dir - move target cursor, f - fire giant
Aim: a fire giant, wielding a great sword of flaming (moderately wounded) Attack!
The fire giant casts a spell at you. The bolt of fire hits you!
Ouch! That really hurt!
You die...

§###^..# ,
#..###$#, **+
§..#§..# #.##..$#
,≈ , ##.#§.##
*#..#+### ≈ ,
##.#..# *##...#, ,,
##§##+# , * ###.# ,
##.# * , #.#* , , ,
.§§# , #.# ##.#, ,
,, ,####'#, *
.#.##* ,###..@.#
#§§#...#####...####
####.....)C.J### #
.......##### , * #
......#* ,, ,*,,*
*.....#* , * * * #
..... , ,, ,, *
#*#### * * ,, , #
≈≈≈ ≈, * ≈


You could see a fire giant and a friendly death ooze.

Vanquished Creatures
  A fire giant (D)
  A hydra (D)
  Sonja (D)
  2 centaur warriors (D)
  7 unseen horrors (D)
  A lindwurm (D)
  An oklob plant (D)
  A demonic crawler (D)
  Sigmund (D)
  A yak (D)
  13 hogs (D)
  A wasp (D)
  4 necrophages (D)
  An ogre (D)
  A jelly (D)
  Ijyb (D)
38 creatures vanquished.

Vanquished Creatures (collateral kills)
  2 fire giants (D)
  A deep troll (D)
  A gargoyle (D)
  3 demonic crawlers (D)
7 creatures vanquished.

Vanquished Creatures (others)
  A deep elf master archer (D)
  2 kobold demonologists (D)
  4 slime creatures (D)
  30 jellies (D)
  3 necrophages (D)
  2 giant eyeballs (D)
  2 ballistomycetes (D)
  2 giant spores (D)
46 creatures vanquished.

Grand Total: 91 creatures vanquished

Notes
Turn   | Place    | Note
--------------------------------------------------------------
     0 | D        | KambridgeKobold the Spriggan Assassin began the quest for the Orb.
     0 | D        | Reached XP level 1. HP: 10/10 MP: 2/2
     1 | D        | Noticed Ijyb
    31 | D        | Killed Ijyb
    31 | D        | Reached skill level 5 in Short Blades
    31 | D        | Reached skill level 8 in Stealth
    31 | D        | Reached XP level 2. HP: 14/14 MP: 3/3
    44 | D        | Noticed an ogre
    70 | D        | Killed an ogre
    70 | D        | Reached skill level 11 in Stealth
    70 | D        | Reached XP level 3. HP: 18/18 MP: 4/4
    70 | D        | Reached XP level 4. HP: 22/22 MP: 5/5
    95 | D        | Noticed Sigmund
    99 | D        | Killed Sigmund
    99 | D        | Reached skill level 5 in Throwing
    99 | D        | Reached XP level 5. HP: 25/25 MP: 6/6
    99 | D        | Reached XP level 6. HP: 30/30 MP: 7/7
   105 | D        | Found a deep blue altar of Sif Muna.
   106 | D        | Noticed a jelly
   107 | D        | Found a radiant altar of Vehumet.
   115 | D        | Killed a jelly
   135 | D        | Found Qoromeak's Magic Scroll Emporium.
   135 | D        | Found a white marble altar of Elyvilon.
   135 | D        | Found a stormy altar of Qazlal.
   135 | D        | Found a burning altar of Makhleb.
   135 | D        | Found a sacrificial altar of Ru.
   135 | D        | Found a basalt altar of Yredelemnul.
   135 | D        | Found a glowing golden altar of the Shining One.
   135 | D        | Found a sparkling altar of Nemelex Xobeh.
   135 | D        | Found a shimmering altar of Xom.
   135 | D        | Found an opulent altar of Gozag.
   135 | D        | Found an ancient bone altar of Kikubaaqudgha.
   135 | D        | Found a glowing silver altar of Zin.
   135 | D        | Noticed a yak
   136 | D        | Found an iron altar of Okawaru.
   137 | D        | Killed a yak
   137 | D        | Reached skill level 10 in Short Blades
   138 | D        | Found a bloodstained altar of Trog.
   221 | D        | Bought a scroll of enchant weapon for 90 gold pieces
   221 | D        | Bought a scroll of enchant weapon for 90 gold pieces
   221 | D        | Bought a scroll of enchant armour for 90 gold pieces
   221 | D        | Bought a scroll of identify for 24 gold pieces
   244 | D        | Found a snail-covered altar of Cheibriados.
   244 | D        | Found a viscous altar of Jiyva.
   244 | D        | Found a shadowy altar of Dithmenos.
   244 | D        | Found a blossoming altar of Fedhas.
   244 | D        | Noticed a slime creature
   247 | D        | Became a worshipper of Jiyva Joorr the Shapeless
   248 | D        | Acquired Jiyva's first power
   295 | D        | Acquired Jiyva's second power
   302 | D        | Noticed a kobold demonologist
   316 | D        | Noticed a kobold demonologist
   325 | D        | Killed a kobold demonologist
   325 | D        | Reached XP level 7. HP: 33/33 MP: 8/8
   328 | D        | Gained mutation: Your skin is partially translucent (Stealth, -foe acc). [Jiyva's grace]
   332 | D        | Killed a kobold demonologist
   332 | D        | Reached skill level 10 in Dodging
   337 | D        | Noticed a demonic crawler
   337 | D        | Noticed a demonic crawler
   337 | D        | Noticed a demonic crawler
   337 | D        | Noticed a demonic crawler
   341 | D        | Acquired Jiyva's third power
   341 | D        | Gained mutation: You can spit weak poison. [Jiyva's grace]
   349 | D        | Killed a slime creature
   359 | D        | Acquired Jiyva's fourth power
   360 | D        | Lost mutation: Your skin is partially translucent (Stealth, -foe acc). [Jiyva's grace]
   364 | D        | Gained mutation: Your skin is partially translucent (Stealth, -foe acc). [Jiyva's grace]
   368 | D        | Lost mutation: Your skin is partially translucent (Stealth, -foe acc). [Jiyva's grace]
   371 | D        | Gained mutation: You have acidic saliva. [Jiyva's grace]
   378 | D        | Gained mutation: You are agile. (Dex +2) [Jiyva's grace]
   382 | D        | Killed a demonic crawler
   384 | D        | Lost mutation: You can spit weak poison. [Jiyva's grace]
   385 | D        | Killed a demonic crawler
   385 | D        | Reached skill level 12 in Dodging
   387 | D        | Gained mutation: You have sharp toenails. [Jiyva's grace]
   392 | D        | Killed a demonic crawler
   393 | D        | Gained mutation: You have a small jelly attached to you that may absorb incoming projectiles. [Jiyva's grace]
   397 | D        | Gained mutation: Your magical capacity is low (-10% MP). [Jiyva's grace]
   398 | D        | Killed a demonic crawler
   398 | D        | Reached skill level 5 in Fighting
   398 | D        | Reached skill level 13 in Dodging
   398 | D        | Reached XP level 8. HP: 41/43 MP: 8/8
   404 | D        | Gained mutation: You are partially covered in slimy green scales (AC +2). [Jiyva's grace]
   406 | D        | Gained mutation: Your rubbery body absorbs attacks (AC +1). [Jiyva's grace]
   420 | D        | Noticed a lindwurm
   425 | D        | Killed a lindwurm
   425 | D        | Reached skill level 14 in Dodging
   438 | D        | Noticed a hog
   438 | D        | Noticed a hog
   438 | D        | Noticed a hog
   438 | D        | Noticed a hog
   438 | D        | Noticed a hog
   438 | D        | Noticed a hog
   438 | D        | Noticed a hog
   438 | D        | Noticed a hog
   439 | D        | Noticed a hog
   439 | D        | Noticed a hog
   440 | D        | Killed a hog
   440 | D        | Reached skill level 15 in Dodging
   441 | D        | Killed a hog
   443 | D        | Noticed a hog
   443 | D        | Noticed a hog
   443 | D        | Killed a hog
   444 | D        | Gained mutation: Your mind is acute. (Int +2) [Jiyva's grace]
   445 | D        | Noticed a hog
   446 | D        | Gained mutation: You possess an exceptional clarity of mind. [Jiyva's grace]
   446 | D        | Gained mutation: Your flesh is heat resistant. [Jiyva's grace]
   450 | D        | Gained mutation: Your mind is very acute. (Int +4) [Jiyva's grace]
   450 | D        | Lost mutation: You have a small jelly attached to you that may absorb incoming projectiles. [Jiyva's grace]
   450 | D        | Lost mutation: You are partially covered in slimy green scales (AC +2). [Jiyva's grace]
   454 | D        | Lost mutation: Your flesh is heat resistant. [Jiyva's grace]
   455 | D        | Gained mutation: You are very agile. (Dex +4) [Jiyva's grace]
   458 | D        | Lost mutation: You possess an exceptional clarity of mind. [Jiyva's grace]
   461 | D        | Killed a hog
   461 | D        | Reached XP level 9. HP: 51/51 MP: 9/9
   461 | D        | Gained mutation: Your skin is partially translucent (Stealth, -foe acc). [Jiyva's grace]
   464 | D        | Lost mutation: Your rubbery body absorbs attacks (AC +1). [Jiyva's grace]
   465 | D        | Lost mutation: Your magical capacity is low (-10% MP). [Jiyva's grace]
   470 | D        | Gained mutation: Your muscles are strong. (Str +2) [Jiyva's grace]
   474 | D        | Gained mutation: Your flesh is cold resistant. [Jiyva's grace]
   479 | D        | Killed a hog
   482 | D        | Gained mutation: You have razor-sharp toenails. [Jiyva's grace]
   492 | D        | Killed a hog
   500 | D        | Gained mutation: Your flesh is very cold resistant. [Jiyva's grace]
   512 | D        | Killed a hog
   514 | D        | Gained mutation: You are partially covered in rough black scales (AC +4, Dex -1). [Jiyva's grace]
   528 | D        | Killed a hog
   546 | D        | Killed a hog
   557 | D        | Killed a hog
   569 | D        | Killed a hog
   589 | D        | Killed a hog
   589 | D        | Reached skill level 15 in Stealth
   627 | D        | Killed a hog
   629 | D        | Noticed a 12-headed hydra
   631 | D        | Killed a 12-headed hydra
   631 | D        | Reached skill level 16 in Stealth
   631 | D        | Reached XP level 10. HP: 56/56 MP: 11/11
   637 | D        | Gained mutation: You have a small jelly attached to you that may absorb incoming projectiles. [Jiyva's grace]
   637 | D        | Gained mutation: Armour fits poorly on your pseudopods. [Jiyva's grace]
   925 | D        | Noticed a daeva
   940 | D        | Noticed a deep troll
   940 | D        | Noticed a gargoyle
   944 | D        | Killed a deep troll
   974 | D        | Killed a gargoyle
   974 | D        | Reached skill level 17 in Stealth
  1085 | D        | Noticed a centaur warrior
  1085 | D        | Noticed a centaur warrior
  1085 | D        | Killed a necrophage
  1086 | D        | Lost mutation: Armour fits poorly on your pseudopods. [Jiyva's grace]
  1089 | D        | Killed a centaur warrior
  1090 | D        | Killed a centaur warrior
  1090 | D        | Reached skill level 18 in Stealth
  1094 | D        | Noticed an oklob plant
  1104 | D        | Lost mutation: Your muscles are strong. (Str +2) [Jiyva's grace]
  1148 | D        | Killed an oklob plant
  1282 | D        | Noticed Sonja
  1284 | D        | Killed a deep elf master archer
  1287 | D        | Noticed a trapdoor spider
  1291 | D        | Slimified a trapdoor spider
  1291 | D        | a trapdoor spider changed into a slime creature
  1294 | D        | Noticed a trapdoor spider
  1295 | D        | Slimified a trapdoor spider
  1295 | D        | a trapdoor spider changed into a slime creature
  1298 | D        | Noticed a trapdoor spider
  1302 | D        | Slimified a trapdoor spider
  1302 | D        | a trapdoor spider changed into a slime creature
  1309 | D        | Noticed an unseen horror
  1325 | D        | Killed Sonja
  1330 | D        | Gained mutation: You are resistant to electric shocks. [Jiyva's grace]
  1330 | D        | Gained mutation: Your system is resistant to poisons. [Jiyva's grace]
  1346 | D        | Noticed a trapdoor spider
  1350 | D        | Killed a jelly
  1353 | D        | Killed a jelly
  1356 | D        | Killed a jelly
  1384 | D        | Lost mutation: You have razor-sharp toenails. [Jiyva's grace]
  1385 | D        | Gained mutation: You have razor-sharp toenails. [Jiyva's grace]
  1387 | D        | Gained mutation: You passively map a small area around you. [Jiyva's grace]
  1389 | D        | Lost mutation: You have razor-sharp toenails. [Jiyva's grace]
  1389 | D        | Gained mutation: You possess an exceptional clarity of mind. [Jiyva's grace]
  1389 | D        | Gained mutation: You can spit weak poison. [Jiyva's grace]
  1403 | D        | Found Oret's Armour Emporium.
  1458 | D        | Noticed a jelly
  1459 | D        | Noticed a wasp
  1486 | D        | Killed a wasp
  1486 | D        | Reached skill level 15 in Short Blades
  1494 | D        | Bought a scroll of identify for 24 gold pieces
  1495 | D        | Bought a scroll of fog for 24 gold pieces
  1505 | D        | Noticed a necrophage
  1544 | D        | Killed an unseen horror
  1544 | D        | Reached skill level 19 in Stealth
  1548 | D        | Noticed a necrophage
  1570 | D        | Killed a necrophage
  1580 | D        | Killed a necrophage
  1586 | D        | Lost mutation: Your system is resistant to poisons. [Jiyva's grace]
  1591 | D        | Noticed a necrophage
  1611 | D        | Killed a necrophage
  1611 | D        | Lost mutation: Your mind is very acute. (Int +4) [Jiyva's grace]
  1620 | D        | Lost mutation: You are very agile. (Dex +4) [Jiyva's grace]
  1620 | D        | Gained mutation: You can spit poison. [Jiyva's grace]
  1621 | D        | Found Zabovas's Jewellery Boutique.
  1621 | D        | Noticed a shining eye
  1621 | D        | Noticed a shining eye
  1622 | D        | Noticed a shining eye
  1623 | D        | Noticed a shining eye
  1623 | D        | Noticed a shining eye
  1623 | D        | Noticed a shining eye
  1629 | D        | Bought an uncursed amulet of warding for 180 gold pieces
  1629 | D        | Bought an uncursed ring of stealth for 210 gold pieces
  1633 | D        | Noticed a shining eye
  1633 | D        | Noticed a shining eye
  1637 | D        | Found Daris's Assorted Antiques.
  1637 | D        | Found Uhooqap's Book Boutique.
  1639 | D        | Found Ebonn's Distillery.
  1640 | D        | Found Zeibahot's Food Shoppe.
  1707 | D        | Noticed a necrophage
  1709 | D        | Noticed a jelly
  1709 | D        | Noticed a necrophage
  1710 | D        | Noticed a necrophage
  1711 | D        | Slimified a trapdoor spider
  1711 | D        | a trapdoor spider changed into a slime creature
  1714 | D        | Killed a necrophage
  1716 | D        | Noticed an unseen horror
  1718 | D        | Gained mutation: Your muscles are strong. (Str +2) [Jiyva's grace]
  1730 | D        | Noticed a jelly
  1731 | D        | Noticed a jelly
  1733 | D        | Found Siamist's Armour Shoppe.
  1733 | D        | Noticed a jelly
  1736 | D        | Killed a necrophage
  1738 | D        | Found Zaunisen's Distillery.
  1738 | D        | Found Ciec's Book Shop.
  1738 | D        | Found Taenwieg's Book Emporium.
  1738 | D        | Noticed a jelly
  1743 | D        | Killed a necrophage
  1746 | D        | Found Togulode's Distillery.
  1753 | D        | Killed an unseen horror
  1755 | D        | Found Zestruo's Assorted Antiques.
  1760 | D        | Got a faintly humming swamp dragon armour
  1771 | D        | Identified the +6 swamp dragon armour "Xiguwuc" {*Confuse +Blink rPois rC+} (You found it in the Dungeon)
  1772 | D        | Lost mutation: Your skin is partially translucent (Stealth, -foe acc). [Jiyva's grace]
  1787 | D        | Found Ikuwyat's Distillery.
  1787 | D        | Found Pusut's Antique Weapon Shop.
  1787 | D        | Found Daebbuy's Assorted Antiques.
  1787 | D        | Found Acho's Food Boutique.
  1787 | D        | Found Pinegyiss's Jewellery Emporium.
  1787 | D        | Found Juwabeho's Antique Weapon Shop.
  1787 | D        | Found Lalov's Magic Scroll Shoppe.
  1790 | D        | Found Zacidgh's Antique Weapon Boutique.
  1791 | D        | Bought a potion of resistance for 100 gold pieces
  1795 | D        | Bought a +2 ring of dexterity for 75 gold pieces
  1798 | D        | Bought 2 scrolls of identify for 44 gold pieces
  1863 | D        | Noticed an unseen horror
  1863 | D        | Noticed an unseen horror
  1863 | D        | Noticed an unseen horror
  1863 | D        | Noticed an unseen horror
  1865 | D        | Killed an unseen horror
  1865 | D        | Reached XP level 11. HP: 58/60 MP: 12/12
  1866 | D        | Noticed an unseen horror
  1867 | D        | Killed an unseen horror
  1867 | D        | Reached skill level 5 in Maces & Flails
  1868 | D        | Killed an unseen horror
  1870 | D        | Killed an unseen horror
  1886 | D        | Killed an unseen horror
  1886 | D        | Reached skill level 10 in Fighting
  1985 | D        | Noticed a fire giant
  1986 | D        | Noticed a fire giant
  1986 | D        | Noticed a fire giant
  1988 | D        | Noticed a fire giant
  1992 | D        | Killed a fire giant
  2011 | D        | Killed a fire giant
  2016 | D        | Killed a fire giant
  2016 | D        | Reached skill level 20 in Stealth
  2021 | D        | Killed from afar by a fire giant

Vault maps used:
D:        dungeon_sprint_1

Action                   |  1- 3 |  4- 6 |  7- 9 | 10-12 || total
-------------------------+-------+-------+-------+-------++-------
Melee: Dagger            |       |    16 |   178 |   152 ||   346
       Short sword       |       |       |       |    16 ||    16
 Fire: Blowgun           |    10 |       |       |     2 ||    12
Invok: Slimify           |       |       |     1 |     6 ||     7
       Request Jelly     |       |       |     1 |     3 ||     4
       Jelly Paralyse    |       |       |     1 |       ||     1
 Abil: Spit Poison       |       |       |     1 |       ||     1
  Use: Scroll            |       |     3 |       |     3 ||     6
 Stab: Sleeping          |       |     2 |     6 |     7 ||    15
       Distracted        |       |       |       |     2 ||     2
